 Dungeon Crawl Stone Soup version 0.29.0-13-gc9e81de378 (webtiles) character file.

Game seed: 12815864700382951977

153 SnakkuSnakku7 the Shooter (level 5, -1/38 HPs)
             Began as a Djinni Hunter on Sept 10, 2022.
             Slain by an orc
             ... wielding a +0 whip
              (2 damage)
             ... on level 3 of the Dungeon.
             The game lasted 00:02:14 (1788 turns).

SnakkuSnakku7 the Shooter (Djinni Hunter)           Turns: 1788, Time: 00:02:15

Health: -1/38      AC:  3    Str: 10    XL:     5   Next: 61%
Gold:   70         EV: 12    Int: 11    God:
                   SH:  0    Dex: 18

rFire   + + .      SeeInvis .   a - +0 shortbow
rCold   x . .      Faith    .   (shield currently unavailable)
rNeg    . . .      Spirit   .   c - +0 leather armour
rPois   ∞          Reflect  .   (no helmet)
rElec   .          Harm     .   (no cloak)
rCorr   .          Rampage  .   (no gloves)
Will    .....                   (boots unavailable)
Stlth   ++........              (no amulet)
HPRegen 0.12/turn               (no ring)
MPRegen 0.00/turn               (no ring)

@: flying
A: sickness immunity, fire resistance 2, cold vulnerability 1, float, innate
caster, HP casting, extra vitality 1
a: no special abilities


You were on level 3 of the Dungeon.
You visited 1 branch of the dungeon, and saw 3 of its levels.

You collected 70 gold pieces.

Inventory:

Hand Weapons
 a - a +0 shortbow (weapon)
Armour
 c - a +0 leather armour (worn)
Jewellery
 f - a +6 ring of strength
Scrolls
 b - a scroll of immolation
 d - a scroll of butterflies {unknown}
 e - 2 scrolls of noise
 i - a scroll of teleportation {unknown}
Potions
 g - a potion of might {unknown}
 h - a potion of berserk rage {unknown}
 j - a potion of heal wounds {unknown}


   Skills:
 - Level 2.0 Fighting
 + Level 5.3 Ranged Weapons
 - Level 2.1 Dodging
 - Level 0.7 Stealth


You had one spell level left.
You knew the following spells:

 Your Spells              Type           Power      Damage    Failure   Level
a - Apportation           Tloc           0%         N/A       43%         1
b - Searing Ray           Conj           0%         2d4       58%         2
Your spell library was empty.

Dungeon Overview and Level Annotations

Branches:
Dungeon (3/15)

Altars:


Innate Abilities, Weirdness & Mutations

You are immune to sickness and miasma.
You are immune to poison.
Your flesh is very heat resistant. (rF++)
You are vulnerable to cold. (rC-)
You float through the air rather than walking.
You learn spells naturally, not from books.
Your magical power is your life essence.
You have superior vitality. (+4 MHP)


Message History

The orc is heavily wounded.
You shoot an arrow. The arrow hits the orc.
The orc is heavily wounded.
You shoot an arrow. The arrow closely misses the orc.
The orc closely misses you.
The orc priest calls down the wrath of Beogh upon you.
Beogh smites you!
* * * LOW HITPOINT WARNING * * *
The orc closely misses you. The orc hits you but does no damage.
You are too injured to fight recklessly!
Unknown command.
Fire: a) +0 shortbow
Press: ? - help, Q - select action, (/) - cycle Shift-Dir - straight line, f - orc priest, p - orc
Aim: an orc priest, wielding a +0 dagger (severely wounded, 64% to hit)
You shoot an arrow. The arrow hits the orc priest.
The orc priest is almost dead.
The orc hits you with a +0 club.
* * * LOW HITPOINT WARNING * * *
The orc closely misses you.
The orc priest hits you with a +0 dagger.
* * * LOW HITPOINT WARNING * * *
Unknown command.
Fire: a) +0 shortbow
Press: ? - help, Q - select action, (/) - cycle Shift-Dir - straight line, f/p - orc priest
Aim: an orc priest, wielding a +0 dagger (almost dead, 64% to hit)
You shoot an arrow. The arrow hits the orc priest!
You kill the orc priest!
The orc hits you but does no damage. The orc hits you with a +0 whip.
* * * LOW HITPOINT WARNING * * *
Fire: a) +0 shortbow
Press: ? - help, Q - select action, (/) - cycle Shift-Dir - straight line, f - orc
Aim: an orc, wielding a +0 whip and wearing a +0 leather armour (heavily wounded, 64% to hit)
Okay, then.
Okay, then.
As you read the scroll labelled ZOATZA OBIXT, it crumbles to dust.
You hear a loud clanging noise!
It was a scroll of noise.
You hear an angry hiss. x2
The orc closely misses you. The orc hits you with a +0 whip.
You die...

#. #.# #.
#.##.############.
#....#............
###..#.........).. #
#...............
#.########..............
........................
............###### #.##.
..)...o@......## ##.##.
......)o....#..# #.....
............##.# #.....
.........(..##.####.....
............##...##.....
............####........
.......$....# ###......
............# ##>....
#.....


You could see 2 orcs.

Vanquished Creatures
  An orc priest (D:3)
  An orc wizard (D:3)
  4 adders
  A dart slug (D:1)
  7 orcs (D:3)
  5 ball pythons
  5 bats (D:1)
  3 endoplasms
  3 giant cockroaches
  6 hobgoblins
  4 jackals (D:3)
  3 quokkas
  2 frilled lizards
  5 goblins
  5 rats
55 creatures vanquished.

Notes
Turn   | Place    | Note
-------+----------+-------------------------------------------
     0 | D:1      | SnakkuSnakku7 the Djinni Hunter began the quest for the
                  | Orb.
     0 | D:1      | Reached XP level 1. HP: 18/18 MP: 0/0
   179 | D:1      | Reached XP level 2. HP: 23/23 MP: 0/0
   208 | D:1      | Found a faded altar of an unknown god.
   401 | D:1      | Reached XP level 3. HP: 25/28 MP: 0/0
   401 | D:1      | Learned a level 1 spell: Apportation
   438 | D:1      | Reached skill level 4 in Ranged Weapons
   722 | D:2      | Reached XP level 4. HP: 33/33 MP: 0/0
  1487 | D:3      | Reached XP level 5. HP: 6/38 MP: 0/0
  1487 | D:3      | Learned a level 2 spell: Searing Ray
  1491 | D:3      | Reached skill level 5 in Ranged Weapons
  1787 | D:3      | HP: 1/38 [orc/+0 whip (3)]
  1788 | D:3      | Slain by an orc

Illustrated notes

Levels and vault maps discovered:
D:1:      dpeg_arrival_stone_temple_mockup, layout_loops_ring,
          hellmonk_ecumenical_altar_crossroads
D:2:      layout_basic
D:3:      layout_basic

Skill      XL: |  1  2  3  4  5 |
---------------+----------------+-----
Ranged Weapons | 4 5 |  5.3
Fighting       | |  2.0
Dodging        | |  2.1
Stealth        | |  0.7

Action                   |  1- 3 |  4- 6 || total
-------------------------+-------+-------++-------
 Fire: Shortbow          |    69 |    93 ||   162
  Use: Potion            |       |     2 ||     2
       Scroll            |       |     1 ||     1
Armor: Leather armour    |    11 |    19 ||    30
Dodge: Dodged            |    22 |    27 ||    49
